 Dungeon Crawl Stone Soup version 0.26.1-11-gd32895ea62 (webtiles) character file.

Game seed: 17493112654898157724

28 MajorAdolf the Skirmisher (level 3, 21/34 HPs)
             Began as a Naga Wanderer on July 23, 2021.
             Quit the game on level 1 of the Dungeon.
             The game lasted 00:00:46 (341 turns).

MajorAdolf the Skirmisher (Naga Wanderer)            Turns: 341, Time: 00:00:47

Health: 21/34      AC:  6    Str: 15    XL:     3   Next: 12%
Magic:  4/4        EV:  7    Int: 13    God:
Gold:   31         SH:  0    Dex:  9    Spells: 4/4 levels left

rFire    . . .     SeeInvis +   a - +0 hand crossbow
rCold    . . .     Faith    .   (no shield)
rNeg     . . .     Spirit   .   b - +2 scale mail
rPois    +         Reflect  .   (no helmet)
rElec    .         Harm     .   (no cloak)
rCorr    .         Rampage  .   (no gloves)
Will     .....                  (no barding)
Stlth    ..........             (no amulet)
HPRegen  0.11/turn              (no ring)
MPRegen  0.09/turn              (no ring)

@: short of breath, very slow
A: large, see invisible, deformed body, poison resistance, slowness 2, spit
poison 1, AC +1
a: Spit Poison


You were on level 1 of the Dungeon.
You visited 1 branch of the dungeon, and saw 1 of its levels.

You collected 31 gold pieces.

Inventory:

Hand Weapons
 a - a +0 hand crossbow (weapon)
Armour
 b - a +2 scale mail (worn)
Jewellery
 f - an uncursed amulet of the acrobat {unknown}
Scrolls
 e - a scroll of random uselessness {unknown}
 h - a scroll of remove curse {unknown}
 i - a scroll of teleportation {unknown}
Potions
 d - 2 potions of lignification
 g - 2 potions of degeneration {unknown}


   Skills:
 + Level 3.0 Fighting
 - Level 1.5 Armour
 - Level 1.5 Stealth
 - Level 1.0 Spellcasting
 - Level 2.0 Necromancy
 - Level 2.0 Air Magic
 - Level 1.0 Evocations


You had 4 spell levels left.
You didn't know any spells.
Your spell library was empty.

Dungeon Overview and Level Annotations

Branches:
Dungeon (1/15)

Altars:


Innate Abilities, Weirdness & Mutations

You cannot wear boots.
Your serpentine skin is tough. (AC +1)
You have supernaturally acute eyesight. (SInv)
Armour fits poorly on your strangely shaped body.
Your system is resistant to poisons. (rPois)
You cover ground very slowly.
You can spit poison.


Message History

Unknown command.
The hobgoblin barely misses you.
You have got your breath back.
Press: ? - help, Shift-Dir - straight line, f/p - hobgoblin
Aim: a hobgoblin, wielding a +0 club The splash of poison hits the hobgoblin.
You kill the hobgoblin!
Unknown command.
You see here a +0 club.
You start resting.
You have got your breath back.
You start resting.
A hobgoblin comes into view. It is wielding a +0 club.
Press: ? - help, Shift-Dir - straight line, f - hobgoblin
Aim: a hobgoblin, wielding a +0 club The splash of poison hits the hobgoblin!
You kill the hobgoblin!
Your Fighting skill increases to level 3!
Unknown command.
Are you sure you want to abandon this character and quit the game? (Confirm with "yes".)

###########
###..........
###...#........
#...###........
#>....+........
#.#####........
#.# #.##########
#.# #..)@.)...)#
#.# ##########...#
#.#
###...#....##..#
#######.#
#..........[##(..
........#
...#..<..#...##(.#
#########
##...###)..##(.#
##### ##...##.. ..
##...##(
#.######...#


There were no monsters in sight!

Vanquished Creatures
  3 dart slugs (D:1)
  A bat (D:1)
  2 goblins (D:1)
  6 hobgoblins (D:1)
  3 jackals (D:1)
  2 kobolds (D:1)
  2 rats (D:1)
19 creatures vanquished.

Notes
Turn   | Place    | Note
-------+----------+-------------------------------------------
     0 | D:1      | MajorAdolf the Naga Wanderer began the quest for the Orb.
     0 | D:1      | MajorAdolf set off with the following items: a +0 hand
                  | crossbow, a +2 scale mail, 21 bolts, a potion of
                  | lignification
     0 | D:1      | Reached XP level 1. HP: 18/18 MP: 2/2
   153 | D:1      | Reached skill level 2 in Fighting
   153 | D:1      | Reached XP level 2. HP: 26/26 MP: 3/3
   288 | D:1      | Reached XP level 3. HP: 14/33 MP: 4/4
   341 | D:1      | Reached skill level 3 in Fighting
   341 | D:1      | Quit the game

Illustrated notes

Levels and vault maps discovered:
D:1:      dpeg_chamrin_arrival_tetris, layout_basic

Skill      XL: |  1  2  3 |
---------------+----------+-----
Fighting       | 2 3 |  3.0
Armour         | |  1.5
Stealth        | |  1.5
Spellcasting   | |  1.0
Necromancy     | |  2.0
Air Magic      | |  2.0
Evocations     | |  1.0

Action                   || total
-------------------------++-------
 Fire: Hand crossbow     ||    35
 Abil: Spit Poison       ||     4
Armor: Scale mail        ||    12
Dodge: Dodged            ||     8
